 Dungeon Crawl Stone Soup version 0.17-a0-1711-gc5340a3 (webtiles) character file.

2650 kae the Severer (level 9, 0/70 HPs)
             Began as a Hill Orc Fighter on Aug 22, 2015.
             Slain by an orc warrior
             ... wielding a +0 short sword
              (14 damage)
             ... on level 7 of the Dungeon.
             The game lasted 00:07:42 (6648 turns).

kae the Severer (Hill Orc Fighter)                  Turns: 6648, Time: 00:07:43

Health: 0/70       AC: 10    Str: 27    XL:     9   Next: 62%
Magic:  9/9        EV: 11    Int: 11    God:
Gold:   510        SH: 10    Dex: 10    Spells: 0 memorised, 8 levels left

rFire  + . .     SeeInvis .     a - +1 war axe
rCold  + . .     Clarity  .     i - +1 ring mail of the Imp {rF+ rC+ Int+3} (curse)
rNeg   . . .     SustAt   .     c - +0 shield
rPois  .         Gourm    .     (no helmet)
rElec  .         Spirit   .     j - +0 cloak
rCorr  .         Warding  .     C - +0 pair of gloves
rMut   .         Stasis   .     D - +0 pair of boots
MR     .....                    (no amulet)
Stlth  ..........               r - ring of flight
                                E - +3 ring of evasion

@: mighty, not resistant to hostile enchantments, extremely unstealthy
A: no striking features
a: Evoke Flight


You were on level 7 of the Dungeon.
You were not hungry.

You visited 2 branches of the dungeon, and saw 8 of its levels.

You collected 510 gold pieces.

Inventory:

Hand weapons
 a - a +1 war axe (weapon)
Armour
 b - a +0 scale mail
 c - a +0 shield (worn)
 i - the cursed +1 ring mail of the Imp (worn) {rF+ rC+ Int+3}
   (You found it on level 7 of the Dungeon)

   It affects your intelligence (+3).
   It protects you from fire.
   It protects you from cold.
   It has a curse placed upon it.
 j - a +0 cloak (worn)
 C - a +0 pair of gloves (worn)
 D - a +0 pair of boots (worn)
Jewellery
 o - a +2 ring of intelligence
 r - a ring of flight (right hand)
 x - an uncursed ring of fire
 E - a +3 ring of evasion (left hand)
Magical devices
 t - a wand of flame (23)
 B - a wand of digging (9)
Scrolls
 e - 2 scrolls of enchant armour {unknown}
 h - a scroll of teleportation
 l - 4 scrolls of identify
 s - 4 scrolls of remove curse
 v - a scroll of magic mapping
 w - a scroll of blinking
 y - 2 scrolls of random uselessness
 G - a scroll of recharging {unknown}
Potions
 d - a potion of haste {unknown}
 k - a potion of curing
 m - a potion of invisibility {unknown}
 n - 2 potions of flight
 F - a potion of magic
Books
 u - a book of Changes

   Spells                             Type                      Level
   a - Beastly Appendage              Transmutation                1
   b - Sticks to Snakes               Transmutation                2
   c - Spider Form                    Transmutation/Poison         3
   d - Ice Form                       Ice/Transmutation            4
   e - Blade Hands                    Transmutation                5
Comestibles
 f - 3 meat rations
 g - 4 chunks of flesh
 p - 8 fruits
 q - 2 beef jerkies
 z - 6 bread rations


   Skills:
 - Level 3.6 Fighting
 + Level 15.7 Axes
 - Level 3.2 Armour
 - Level 3.2 Shields


You had 8 spell levels left.
You didn't know any spells.

Dungeon Overview and Level Annotations

Branches:
Dungeon (7/15)             Temple (1/1) D:6

Altars:
Ashenzari
Dithmenos
Elyvilon
Gozag
Kikubaaqudgha
Makhleb
Nemelex Xobeh
Qazlal
Ru
Sif Muna
Trog
Vehumet
Xom
Zin
The Shining One


Message History

The orc warrior is lightly wounded.
The orc warrior hits you with a short sword!
You barely miss the orc warrior.
The orc warrior is lightly wounded.
The orc closely misses you.
The orc wizard looks braver for a moment.
The orc warrior hits you with a short sword.
* * * LOW HITPOINT WARNING * * *
You closely miss the orc warrior.
The orc warrior is lightly wounded.
The orc hits you from afar with a trident.
* * * LOW HITPOINT WARNING * * *
You hit the orc warrior.
The orc warrior is moderately wounded.
The orc warrior completely misses you.
You closely miss the orc warrior.
The orc warrior is moderately wounded.
The orc closely misses you.
The orc warrior hits you with a short sword!
You die...

** *,* **,****,,*,,*** **,,,**
,***,***..* ##,**.## **,,,,* *
,,**,,,,#.#*#..**..# *,.*,,****
,,,,,,**##.##.#**#.# **..*,,,**,
***#.##**.....# #.# **...,,,,,,,
* *....,,#...## #.###....,,,,,,*
*#..##**#...###.#.....,,,,,*,*
#...# #....##o..#*,,,,,,*,,,
##...## ##...@oo.#***,*,,,,,,,
##.....###..†.###...#*,,,,,,,**
###.,#......†.### *.......,,,,**,
....##......#.#* *.###...,,,***,
.......#....#..# **.# **..,,***,,
.#.....##......# *,.# **#,,**,,*
......####.....#**,.#* *,,,*,,,
......# *#........,..*****,,,,,,,
......###.......##**,,,,,,,,,,,,,


You could see an orc warrior, an orc wizard and an orc.

Vanquished Creatures
  Sigmund (D:3)
  A hippogriff (D:7)
  Menkaure (D:6)
  A water moccasin (D:7)
  An ice beast (D:7)
  An orc warrior (D:6)
  3 ogres
  A phantom (D:4)
  2 centaurs
  6 giant frogs
  A gnoll sergeant (D:7)
  A scorpion (D:7)
  3 killer bees (D:7)
  A crimson imp (D:5)
  An orc priest (D:5)
  A hound (D:7)
  3 jellies (D:6)
  Crazy Yiuf (D:2)
  Jessica (D:3)
  3 worker ants
  4 orc wizards
  2 hound zombies
  4 hound skeletons
  13 gnolls
  6 adders
  A shadow imp (D:5)
  4 worms
  5 giant geckos
  28 orcs
  12 hobgoblins
  3 kobolds (D:1)
  3 quokkas
  A ball python (D:3)
  A ball python skeleton (D:5)
  5 bats
  5 giant cockroaches
  A giant cockroach zombie (D:5)
  6 giant newts
  7 goblins
  9 rats
  A fungus (D:2)
155 creatures vanquished.

Notes
Turn   | Place    | Note
--------------------------------------------------------------
     0 | D:1      | kae the Hill Orc Fighter began the quest for the Orb.
     0 | D:1      | Reached XP level 1. HP: 19/19 MP: 1/1
   131 | D:1      | Reached XP level 2. HP: 26/26 MP: 2/2
   264 | D:1      | Reached skill level 4 in Axes
   581 | D:2      | Reached XP level 3. HP: 31/31 MP: 3/3
   735 | D:2      | Reached skill level 5 in Axes
  1179 | D:2      | Noticed Crazy Yiuf
  1190 | D:2      | Killed Crazy Yiuf
  1190 | D:2      | Reached skill level 6 in Axes
  1190 | D:2      | Reached XP level 4. HP: 5/39 MP: 4/4
  1366 | D:3      | Noticed Sigmund
  1379 | D:3      | Killed Sigmund
  1379 | D:3      | Reached skill level 8 in Axes
  1379 | D:3      | Reached XP level 5. HP: 36/45 MP: 5/5
  1379 | D:3      | Reached XP level 6. HP: 40/51 MP: 6/6
  1501 | D:3      | Noticed Jessica
  1508 | D:3      | Killed Jessica
  1628 | D:3      | Found a glowing golden altar of the Shining One.
  1978 | D:4      | Found a sacrificial altar of Ru.
  2008 | D:4      | Reached skill level 9 in Axes
  2135 | D:4      | Found a white marble altar of Elyvilon.
  2268 | D:4      | Reached XP level 7. HP: 35/57 MP: 7/7
  2757 | D:5      | Entered Level 5 of the Dungeon
  2842 | D:5      | Reached skill level 10 in Axes
  3517 | D:6      | Found a staircase to the Ecumenical Temple.
  3547 | Temple   | Entered the Ecumenical Temple
  3694 | D:6      | Reached skill level 11 in Axes
  3826 | D:5      | Reached XP level 8. HP: 33/64 MP: 8/8
  4270 | D:5      | Found a bloodstained altar of Trog.
  4270 | D:5      | Found an ancient bone altar of Kikubaaqudgha.
  4271 | D:5      | Found a radiant altar of Vehumet.
  4332 | D:5      | Reached skill level 12 in Axes
  5129 | D:6      | Reached skill level 13 in Axes
  5798 | D:6      | Noticed Menkaure
  5805 | D:6      | Killed Menkaure
  5805 | D:6      | Reached skill level 14 in Axes
  5805 | D:6      | Reached XP level 9. HP: 59/70 MP: 9/9
  5822 | D:6      | Found a deep blue altar of Sif Muna.
  6309 | D:7      | Got a scorched ring mail
  6320 | D:7      | Identified the cursed +1 ring mail of the Imp {rF+ rC+ Int+3} (You found it on level 7 of the Dungeon)
  6371 | D:7      | Reached skill level 15 in Axes
  6648 | D:7      | Slain by an orc warrior

Vault maps used:
D:1:      dpeg_arrival_arbitrary_b
D:2:      uniq_crazy_yiuf_cottage
D:3:      overflow_temple_1_default, corexii_leaking_fountain, uniq_sigmund,
          uniq_jessica
D:4:      nicolae_overflow_hidden_temple, overflow_temple_1_default,
          minmay_ruptured
D:5:      gammafunk_temple_overflow_claw, first_bread, grunt_ministairs_12
D:6:      kennysheep_mini_moat, minmay_temple_entry_mist, uniq_menkaure
Temple:   minmay_temple_bridge_a_8

Action                   |  1- 3 |  4- 6 |  7- 9 || total
-------------------------+-------+-------+-------++-------
Melee: War axe           |   139 |   101 |   346 ||   586
  Use: Potion            |       |     3 |     2 ||     5
       Scroll            |       |       |    10 ||    10
  Eat: Chunk             |       |     3 |    15 ||    18
       Fruit             |       |       |     1 ||     1
